 Dungeon Crawl Stone Soup version 0.20.1-1-g8b1a95d (console) character file.

28429 hilaritas the Demon Slayer (level 13, 0/103 HPs)
             Began as a Formicid Fighter on Nov 19, 2017.
             Was a High Priest of the Shining One.
             Killed from afar by an oklob plant (5 damage)
             ... with a splash of acid
             ... on level 4 of the Lair of Beasts.
             The game lasted 00:37:49 (16271 turns).

hilaritas the Demon Slayer (Formicid Fighter)      Turns: 16271, Time: 00:37:50

Health: 0/103      AC: 27    Str: 28    XL:     13   Next: 73%
Magic:  22/22      EV: 11    Int:  9    God:    the Shining One [*****.]
Gold:   646        SH: 25    Dex: 12    Spells: 12/12 levels left

rFire    + . .     SeeInvis +   i - +1 broad axe (freeze)
rCold    + . .     Gourm    .   P - +2 shield {AC+3}
rNeg     + + .     Faith    .   H - +0 plate armour
rPois    .         Spirit   .   (helmet unavailable)
rElec    .         Reflect  .   q - scarf {rC+ rF+}
rCorr    .         Harm     .   Q - +2 pair of gloves {Str+3}
MR       +....                  E - +0 pair of boots
Stlth    ..........             (no amulet)
Regen    0.3/turn               b - +3 ring of protection
MPRegen  0.2/turn               w - +4 ring of protection

@: divine shield, corroded, glowing
A: permanent stasis, dig shafts and tunnels, four strong arms, antennae 3,
hooves 1, slimy green scales 1, thin skeletal structure 1
a: Dig, Shaft Self, Divine Shield, Cleansing Flame, Summon Divine Warrior,
Renounce Religion


You were on level 4 of the Lair of Beasts.
You worshipped the Shining One.
The Shining One was extremely pleased with you.
You were not hungry.

You visited 2 branches of the dungeon, and saw 16 of its levels.
You also visited: Labyrinth.

You collected 1062 gold pieces.
You spent 416 gold pieces at shops.

Inventory:

Hand Weapons
 a - a +0 war axe
 i - a +1 broad axe of freezing (weapon)
 K - a +0 scimitar of flaming
Armour
 q - a scarf of resistance (worn)
 E - a +0 pair of boots (worn)
 H - a +0 plate armour (worn)
 P - a +2 shield of protection (worn)
 Q - a +2 pair of gloves of strength (worn)
Jewellery
 b - a +3 ring of protection (left hand)
 w - a +4 ring of protection (right hand)
 A - an uncursed ring of wizardry
Wands
 c - a wand of acid (5/15)
 l - a wand of acid (6/15)
 o - a wand of scattershot (6/9)
 z - a wand of disintegration (13/24)
 C - a wand of acid (5/15)
 D - a wand of flame (24/48)
 F - a wand of acid (11/15)
 I - a wand of iceblast (9/15)
 J - a wand of flame (15/48)
 L - a wand of disintegration (11/24)
 M - a wand of digging (18/24)
Scrolls
 j - 4 scrolls of enchant armour
 m - 6 scrolls of identify
 n - 4 scrolls of recharging
 p - 9 scrolls of remove curse
 x - a scroll of fog
 y - 2 scrolls of magic mapping
 G - 2 scrolls of amnesia
 O - 2 scrolls of enchant weapon
Potions
 d - 2 potions of might
 e - 4 potions of brilliance
 g - 2 potions of flight
 k - 2 potions of mutation
 r - 4 potions of curing
 s - 3 potions of heal wounds
 t - 3 potions of haste
 u - 2 potions of magic
Comestibles
 f - 11 bread rations
 h - 8 meat rations
 v - 17 fruits
 B - 25 royal jellies
 N - 3 chunks of flesh


   Skills:
 + Level 10.2 Fighting
 * Level 10.7 Axes
 - Level 10.1 Armour
 - Level 7.0 Dodging
 - Level 10.0 Shields
 - Level 13.0 Invocations


You had 12 spell levels left.
You didn't know any spells.

Dungeon Overview and Level Annotations

Branches:
Dungeon (12/15)            Temple (0/1) D:4            Lair (4/6) D:8
    Orc (0/2) D:10
  Swamp: Lair:2-4    Shoals: Lair:2-4     Snake: Lair:2-4    Spider: Lair:2-4

Altars:
Elyvilon
Fedhas
Kikubaaqudgha
Okawaru
Qazlal
Sif Muna
Uskayaw
Xom
Yredelemnul
The Shining One

Shops:
D:4 !

Annotations:
D:2 exclusion: oklob plant
Lair:4 exclusion: 4 oklob plants


Innate Abilities, Weirdness & Mutations

You cannot be hasted, slowed, berserked, paralysed or teleported.
You can dig through walls and to a lower floor.
Your four strong arms can wield two-handed weapons with a shield.
You have a pair of large antennae on your head. (SInv)
You have large cloven feet.
You are partially covered in slimy green scales. (AC +2)
You have a somewhat thin skeletal structure. (Dex +2, Stealth)


Message History

The oklob plant spits acid at you. The splash of acid hits you!
You are splashed with acid!
The acid burns!
The oklob plant spits acid at you. The splash of acid hits you!
The acid corrodes you!
You are splashed with acid!
The acid burns!
You hit the oklob plant but do no damage.
The oklob plant spits acid at you. The splash of acid hits you!
You are splashed with acid!
The acid burns!
You slash the oklob plant! You freeze the oklob plant.
The oklob plant is moderately damaged.
The oklob plant spits acid at you. The splash of acid hits you!
You are splashed with acid!
The acid burns!
* * * LOW HITPOINT WARNING * * *
The oklob plant spits acid at you. The splash of acid hits you!
The acid corrodes you!
You are splashed with acid!
The acid burns!
* * * LOW HITPOINT WARNING * * *
The oklob plant spits acid at you. The splash of acid hits you!
You die...

####### #..$.!# #.?([.# #$P$%$#
#.$!.P####### #PP..@#.#...###
##P.P..#††.....## #
#.........#.#....## ##.
..........#..P..#.####.#
..#.....................
.....P...##.#P....#....##......
.........##.......###.....#....
#...........###...# #.....?#...
#........... #...## #..#..##...
#..>..#...## ##..####...#..#...
#.....#...P# #...##...##.#..†.


You could see 4 oklob plants.

Vanquished Creatures
  Snorg (Lair:3)
  A minotaur (Lab)
  A slime creature (D:12)
  Erica (D:8)
  2 hydras (Lair:4)
  The ghost of othur the Basher, a journeyman GrBe of Trog (D:11)
  3 two-headed ogres
  Nergalle (D:11)
  4 skeletal warriors (D:12)
  Pikel (D:5)
  An ugly thing (D:11)
  2 black mambas (Lair:3)
  Maurice (D:8)
  Joseph (D:8)
  A gargoyle (D:11)
  A komodo dragon (D:8)
  2 centaur skeletons
  3 spiny frogs (Lair:4)
  The ghost of bmj180 the Shield-Bearer, a novice HaFi (D:5)
  2 rime drakes (Lair:2)
  A troll (D:9)
  A polar bear (Lair:4)
  6 hippogriffs
  A blink frog (Lair:4)
  The ghost of Ymberto the Magician, an amateur DECj (D:4)
  A spriggan (Lair:4)
  20 yaks
  The ghost of Regeox the Chopper, an amateur HOBe of Trog (D:3)
  2 basilisks
  3 hungry ghosts
  A steam dragon (D:8)
  2 soldier ants (D:9)
  4 water moccasins
  5 porcupines
  3 orc warriors
  A black bear (Lair:4)
  2 slaves (D:5)
  2 sky beasts
  An ice beast (D:6)
  A necrophage (D:11)
  3 ogres
  3 wolves (Lair:4)
  7 centaurs
  12 crocodiles
  3 big kobolds
  10 bullfrogs
  A gnoll sergeant (D:5)
  A water moccasin zombie (D:7)
  A wyvern skeleton (D:8)
  21 killer bees
  4 howler monkeys
  3 bullfrog zombies
  7 crimson imps
  6 quasits
  9 orc priests
  A centaur zombie (D:11)
  9 hounds
  A jelly (D:9)
  3 bullfrog skeletons
  6 iguanas
  9 orc wizards
  Ijyb (D:4)
  6 worker ants
  A hound skeleton (D:3)
  A worker ant zombie (D:6)
  Robin (D:3)
  7 gnolls (D:5)
  11 adders
  9 river rats (D:6)
  5 shadow imps
  2 adder skeletons (D:6)
  2 worms
  A dart slug (D:3)
  3 leopard geckos
  60 orcs
  5 bats
  11 giant cockroaches
  15 goblins
  10 hobgoblins
  14 jackals
  17 kobolds
  13 quokkas
  4 ball pythons
  6 frilled lizards
  2 jackal skeletons
  A jackal zombie (D:11)
  A leopard gecko skeleton (D:4)
  28 rats
  A bush (Lair:2)
448 creatures vanquished.

Vanquished Creatures (others)
  An orc priest (D:5)
  A centaur skeleton (D:5)
  An orc wizard (D:5)
  3 orcs (D:5)
  A giant cockroach (D:5)
  A fungus (Lair:1)
  3 plants (Lair:4)
11 creatures vanquished.

Grand Total: 459 creatures vanquished

Notes
Turn   | Place    | Note
-------+----------+-------------------------------------------
     0 | D:1      | hilaritas the Formicid Fighter began the quest for the Orb.
     0 | D:1      | Reached XP level 1. HP: 18/18 MP: 1/1
    49 | D:1      | Found a glowing golden altar of the Shining One.
    73 | D:1      | Became a worshipper of the Shining One
   170 | D:1      | Reached XP level 2. HP: 22/24 MP: 2/2
   662 | D:1      | Reached XP level 3. HP: 29/29 MP: 3/3
  1029 | D:2      | Found a blossoming altar of Fedhas.
  1047 | D:2      | Noticed an oklob plant
  1283 | D:2      | Reached skill level 1 in Invocations
  1312 | D:2      | Reached XP level 4. HP: 36/36 MP: 4/4
  1752 | D:3      | Reached * piety under the Shining One
  1760 | D:3      | Reached XP level 5. HP: 37/42 MP: 6/6
  1869 | D:3      | Noticed Robin
  1894 | D:3      | Killed Robin
  2151 | D:3      | Noticed Regeox's ghost (amateur HOBe)
  2169 | D:3      | Killed Regeox's ghost
  2169 | D:3      | Reached skill level 2 in Invocations
  2169 | D:3      | Reached XP level 6. HP: 26/48 MP: 7/7
  2171 | D:3      | Reached skill level 5 in Axes
  2397 | D:3      | Found an iron altar of Okawaru.
  2543 | D:4      | Reached skill level 5 in Shields
  2611 | D:4      | Found Wenuacij's Distillery.
  2627 | D:4      | Reached XP level 7. HP: 41/53 MP: 9/9
  2698 | D:4      | Bought a potion of heal wounds for 65 gold pieces
  2698 | D:4      | Bought a potion of mutation for 104 gold pieces
  2810 | D:4      | Noticed Ymberto's ghost (amateur DECj)
  2814 | D:4      | Noticed Ijyb
  2825 | D:4      | Killed Ijyb
  2826 | D:4      | Killed Ymberto's ghost
  2826 | D:4      | Reached skill level 3 in Invocations
  3291 | D:4      | Found a staircase to the Ecumenical Temple.
  3351 | D:5      | Entered Level 5 of the Dungeon
  3361 | D:5      | Reached XP level 8. HP: 58/60 MP: 10/10
  3363 | D:5      | Reached ** piety under the Shining One
  3379 | D:5      | Noticed bmj180's ghost (novice HaFi)
  3398 | D:5      | Killed bmj180's ghost
  3398 | D:5      | Reached skill level 4 in Invocations
  3539 | D:5      | Noticed Pikel
  3588 | D:5      | Killed Pikel
  3588 | D:5      | Reached XP level 9. HP: 12/67 MP: 12/12
  3865 | D:5      | Reached skill level 5 in Fighting
  3908 | D:4      | Bought a potion of curing for 39 gold pieces
  4340 | D:5      | Found a deep blue altar of Sif Muna.
  4474 | D:5      | Reached skill level 5 in Invocations
  5340 | D:6      | Found a hide-covered altar of Uskayaw.
  5343 | D:6      | Noticed a hand axe
  5344 | D:6      | Noticed a dagger
  5524 | D:6      | Reached skill level 10 in Axes
  5646 | D:6      | Reached *** piety under the Shining One
  5998 | D:6      | Found a basalt altar of Yredelemnul.
  6128 | D:6      | Reached XP level 10. HP: 76/76 MP: 14/14
  6403 | D:4      | Bought 2 potions of mutation for 208 gold pieces
  6403 | D:4      | Gained mutation: Armour fits poorly on your strangely shaped body. [potion of mutation]
  6403 | D:4      | Gained mutation: Your muscles are strong. (Str +2) [potion of mutation]
  6404 | D:4      | Lost mutation: Your muscles are strong. (Str +2) [potion of mutation]
  6404 | D:4      | Lost mutation: Armour fits poorly on your strangely shaped body. [potion of mutation]
  6404 | D:4      | Gained mutation: Armour fits poorly on your strangely shaped body. [potion of mutation]
  6404 | D:4      | Gained mutation: You evolve. [potion of mutation]
  6404 | D:4      | Gained mutation: You are dopey. (Int -2) [potion of mutation]
  6404 | D:4      | Gained mutation: You are partially covered in slimy green scales. (AC +2) [potion of mutation]
  6405 | D:4      | Lost mutation: Armour fits poorly on your strangely shaped body. [potion of mutation]
  6405 | D:4      | Lost mutation: You evolve. [potion of mutation]
  6405 | D:4      | Gained mutation: You have a somewhat thin skeletal structure. (Dex +2, Stealth) [potion of mutation]
  6405 | D:4      | Lost mutation: You are dopey. (Int -2) [potion of mutation]
  6405 | D:4      | Gained mutation: You have large cloven feet. [potion of mutation]
  6494 | D:7      | Reached skill level 6 in Invocations
  7047 | D:7      | Found an ancient bone altar of Kikubaaqudgha.
  7362 | D:7      | Reached **** piety under the Shining One
  7730 | D:8      | Noticed Erica
  7741 | D:8      | Killed Erica
  7742 | D:8      | Identified Sif Muna's Guide on Frigorific Confrontation
  7793 | D:8      | Noticed Maurice
  7857 | D:8      | Killed Maurice
  7857 | D:8      | Reached skill level 5 in Armour
  7857 | D:8      | Reached skill level 7 in Invocations
  8011 | D:8      | Noticed Joseph
  8023 | D:8      | Killed Joseph
  8444 | D:8      | Noticed a komodo dragon
  8458 | D:8      | Killed a komodo dragon
  8458 | D:8      | Reached XP level 11. HP: 34/87 MP: 16/16
  8744 | D:8      | Found a staircase to the Lair.
  9305 | D:9      | Reached skill level 8 in Invocations
  9320 | D:9      | Found a stormy altar of Qazlal.
  9378 | D:9      | Noticed a two-headed ogre
  9390 | D:9      | Killed a two-headed ogre
  9390 | D:9      | Reached skill level 10 in Fighting
  9625 | D:9      | Found a shimmering altar of Xom.
 10106 | D:10     | Entered Level 10 of the Dungeon
 10192 | D:10     | Noticed a two-headed ogre
 10199 | D:10     | Killed a two-headed ogre
 10430 | D:10     | Reached ***** piety under the Shining One
 10524 | D:10     | Reached skill level 10 in Shields
 10843 | D:10     | Found a staircase to the Orcish Mines.
 10953 | D:10     | Reached skill level 1 in Dodging
 10953 | D:10     | Reached XP level 12. HP: 95/97 MP: 18/18
 11155 | D:10     | Noticed a two-headed ogre
 11166 | D:10     | Killed a two-headed ogre
 11166 | D:10     | Reached skill level 9 in Invocations
 11235 | D:11     | Noticed Nergalle
 11246 | D:11     | Killed Nergalle
 11265 | D:11     | Found a labyrinth entrance.
 11282 | Lab      | Entered a labyrinth
 11638 | Lab      | Noticed a minotaur
 11651 | Lab      | Killed a minotaur
 11983 | D:11     | Noticed othur's ghost (journeyman GrBe)
 11999 | D:11     | Killed othur's ghost
 11999 | D:11     | Reached skill level 10 in Armour
 12431 | D:12     | Found a white marble altar of Elyvilon.
 12477 | D:12     | Noticed a skeletal warrior
 12481 | D:12     | Noticed a skeletal warrior
 12482 | D:12     | Noticed a skeletal warrior
 12492 | D:12     | Noticed a skeletal warrior
 12492 | D:12     | Killed a skeletal warrior
 12492 | D:12     | Reached skill level 10 in Invocations
 12504 | D:12     | Killed a skeletal warrior
 12515 | D:12     | Killed a skeletal warrior
 12517 | D:12     | Killed a skeletal warrior
 12833 | D:12     | Reached skill level 5 in Dodging
 13061 | Lair:1   | Entered Level 1 of the Lair of Beasts
 13167 | Lair:1   | Reached skill level 11 in Invocations
 13167 | Lair:1   | Reached XP level 13. HP: 102/103 MP: 21/21
 14816 | Lair:3   | Reached skill level 12 in Invocations
 14944 | Lair:3   | Noticed Snorg
 14961 | Lair:3   | Killed Snorg
 15746 | Lair:4   | Reached skill level 13 in Invocations
 16005 | Lair:4   | Noticed a five-headed hydra
 16017 | Lair:4   | Killed a one-headed hydra
 16233 | Lair:4   | Noticed a seven-headed hydra
 16252 | Lair:4   | Killed a one-headed hydra
 16271 | Lair:4   | HP: 5/103 [acid (18)]
 16271 | Lair:4   | Killed from afar by an oklob plant

Skill      XL: |  1  2  3  4  5  6  7  8  9 10 11 12 13 |
---------------+----------------------------------------+-----
Shields        | 4 5 6 8 10 | 10.0
Invocations    | 1 2 3 4 5 7 8 11 13 | 13.0
Axes           | 3 4 5 6 8 10 | 10.7
Fighting       | 4 5 8 10 | 10.2
Armour         | 5 8 10 | 10.1
Dodging        | 1 5 7 |  7.0

Action                   |  1- 3 |  4- 6 |  7- 9 | 10-12 | 13-15 || total
-------------------------+-------+-------+-------+-------+-------++-------
Melee: War axe           |   128 |   133 |    24 |       |       ||   285
       Broad axe         |       |       |   258 |   556 |   188 ||  1002
       Scimitar          |       |       |       |       |    16 ||    16
Invok: Divine Shield     |       |       |       |     4 |     2 ||     6
       Cleansing Flame   |       |       |       |     1 |       ||     1
 Abil: Dig               |       |       |     1 |     1 |       ||     2
  Use: Potion            |       |     2 |     5 |     3 |       ||    10
       Scroll            |       |     9 |     1 |    12 |     2 ||    24
  Eat: Chunk             |     2 |     4 |    10 |    28 |    10 ||    54
       Fruit             |       |       |     1 |     2 |       ||     3
Armor: Scale mail        |    59 |    57 |    94 |    19 |       ||   229
       Plate armour      |       |       |       |   233 |    87 ||   320
Dodge: Dodged            |    56 |    49 |    78 |   131 |    78 ||   392
Block: Shield            |    83 |    74 |   184 |   392 |   185 ||   918
       Rpst.: Scimitar   |       |       |       |       |     3 ||     3
